 Dungeon Crawl Stone Soup version 0.21.1-1-g345015f (webtiles) character file.

7947 infcreate the Cleaver (level 11, -19/95 HPs)
             Began as a Minotaur Fighter on May 6, 2018.
             Was a High Priest of Okawaru.
             Killed from afar by Harold (40 damage)
             ... with a bolt of fire
             ... on level 1 of the Lair of Beasts.
             The game lasted 00:45:49 (8280 turns).

infcreate the Cleaver (Minotaur Fighter)            Turns: 8280, Time: 00:45:50

Health: -19/95     AC: 18    Str: 23    XL:     11   Next: 3%
Magic:  10/10      EV:  6    Int:  5    God:    Okawaru [*****.]
Gold:   620        SH: 12    Dex: 11    Spells: 10/10 levels left

rFire    x . .     SeeInvis +   a - +0 war axe
rCold    + . .     Gourm    .   c - +0 shield
rNeg     . . .     Faith    .   G - +0 plate armour
rPois    .         Spirit   .   (helmet restricted)
rElec    .         Reflect  .   (no cloak)
rCorr    .         Harm     .   D - +1 pair of gloves
MR       .....                  o - +0 pair of boots {Stlth+}
Stlth    ..........             h - amulet of regeneration
HPRegen  0.65/turn              z - ring of ice
MPRegen  0.12/turn              m - ring of see invisible

@: no status effects
A: retaliatory headbutt, horns 2
a: Heroism, Finesse, Renounce Religion


You were on level 1 of the Lair of Beasts.
You worshipped Okawaru.
Okawaru was extremely pleased with you.
You were hungry.

You visited 3 branches of the dungeon, and saw 11 of its levels.
You also visited: Sewer.

You collected 620 gold pieces.

Inventory:

Hand Weapons
 a - a +0 war axe (weapon)
Armour
 c - a +0 shield (worn)
 o - a +0 pair of boots of stealth (worn)
 D - a +1 pair of gloves (worn)
 F - a +0 chain mail of magic resistance
 G - a +0 plate armour (worn)
 I - the +5 chain mail of Fiuc {Str-2 Int+6, unknown}
   (You found it on level 1 of the Lair of Beasts)

   It affects your strength (-2).
   It affects your intelligence (+6).
Jewellery
 h - an amulet of regeneration (around neck)
 m - a ring of see invisible (right hand)
 z - a ring of ice (left hand)
Scrolls
 b - 9 scrolls of remove curse
 j - 7 scrolls of identify
 p - 3 scrolls of teleportation
 q - 3 scrolls of fear {unknown}
 r - 3 scrolls of amnesia {unknown}
 t - 2 scrolls of enchant weapon
 u - a scroll of fog
 w - a scroll of noise
 y - a scroll of enchant armour {unknown}
 C - 2 scrolls of magic mapping {unknown}
Potions
 d - 2 potions of might
 e - 3 potions of curing
 g - 3 potions of brilliance {unknown}
 i - 2 potions of agility {unknown}
 k - a potion of resistance
 l - a potion of berserk rage
 n - a potion of degeneration {unknown}
 s - 2 potions of magic {unknown}
 A - a potion of mutation {unknown}
 B - 2 potions of heal wounds {unknown}
 E - 2 potions of cancellation {unknown}
Books
 v - a book of Changes

   Spells                             Type                      Level
   a - Beastly Appendage              Transmutation                1
   b - Sticks to Snakes               Transmutation                2
   c - Spider Form                    Transmutation/Poison         3
   d - Ice Form                       Ice/Transmutation            4
   e - Blade Hands                    Transmutation                5
 x - a book of Battle

   Spells                             Type                      Level
   a - Infusion                       Charms                       1
   b - Shroud of Golubria             Charms/Translocation         2
   c - Song of Slaying                Charms                       2
   d - Spectral Weapon                Hexes/Charms                 3
   e - Regeneration                   Charms/Necromancy            3
Comestibles
 f - 18 rations
 H - 6 chunks of flesh


   Skills:
 + Level 8.7 Fighting
 + Level 12.8 Axes
 + Level 9.6 Armour
 - Level 0.3 Dodging
 + Level 10.8 Shields
 + Level 0.1 Invocations


You had 10 spell levels left.
You didn't know any spells.

Dungeon Overview and Level Annotations

Branches:
Dungeon (9/15)             Temple (1/1) D:4            Lair (1/6) D:9
    Orc (0/2) D:9

Altars:
Ashenzari
Cheibriados
Dithmenos
Elyvilon
Fedhas
Gozag
Hepliaklqana
Kikubaaqudgha
Makhleb
Nemelex Xobeh
Okawaru
Qazlal
Ru
Sif Muna
Trog
Uskayaw
Vehumet
Wu Jian
Xom
Yredelemnul
Zin
The Shining One
Beogh

Shops:
D:6 *

Annotations:
Lair:1 Harold, Sonja


Innate Abilities, Weirdness & Mutations

You reflexively headbutt those who attack you in melee.
You have a pair of horns on your head.


Message History

You block the bullfrog's attack.
The bullfrog hits you but does no damage.
You block the bullfrog's attack.
There is an escape hatch in the floor here.
You block the bullfrog's attack.
You closely miss the bullfrog.
The bullfrog is heavily wounded.
The bullfrog hits you but does no damage.
You hit the bullfrog.
The bullfrog is severely wounded.
The bullfrog hits you but does no damage.
You block the bullfrog's attack.
The yak snorts and paws the ground.
You hit the bullfrog.
You kill the bullfrog!
Okawaru accepts your kill.
Harold throws a throwing net.
You block the throwing net.
Harold points at you and mumbles some strange words.
The bolt of fire hits you! The fire burns you terribly!
You die...

#....... ..
#..#####. ##
##. #.## #..
..# ##.. ####
#... #.. #..
#.# #..#####(#
#####...YY@@.#
........######
.#......#
.....##Y#
....Y##Y#
...#F##.# .#
#Y##.# #†#..##
# ##.###.##..#
.#


You could see Harold and 2 yaks.

Vanquished Creatures
  A two-headed ogre (D:8)
  A cyclops (D:8)
  Grinder (D:5)
  A troll (D:9)
  A hippogriff (D:4)
  A spriggan (D:8)
  7 yaks
  A hungry ghost (D:6)
  2 water moccasins (Lair:1)
  A porcupine (Lair:1)
  4 orc warriors
  2 phantoms (D:9)
  2 ice beasts
  An ogre (D:7)
  A sky beast (D:7)
  7 centaurs
  6 wolves (Lair:1)
  7 big kobolds
  A gnoll sergeant (D:8)
  8 bullfrogs
  3 killer bees (D:7)
  4 crimson imps
  A bullfrog zombie (D:5)
  A centaur zombie (D:8)
  A centaur skeleton (D:9)
  5 orc priests
  7 hounds
  9 orc wizards
  Terence (D:2)
  3 iguanas
  4 worker ants
  2 hound zombies
  3 hound skeletons
  A worker ant zombie (D:8)
  A howler monkey skeleton (D:9)
  4 gnolls (D:8)
  17 adders
  4 river rats (Sewer)
  2 shadow imps
  2 oozes
  An adder zombie (D:6)
  3 adder skeletons
  8 worms
  10 leopard geckos
  43 orcs
  7 ball pythons
  9 giant cockroaches
  6 goblins
  5 hobgoblins
  10 jackals
  19 kobolds
  5 quokkas
  6 bats (D:1)
  2 frilled lizards
  A jackal skeleton (D:9)
  11 rats
277 creatures vanquished.

Vanquished Creatures (others)
  A fungus (Lair:1)
1 creature vanquished.

Grand Total: 278 creatures vanquished

Notes
Turn   | Place    | Note
-------+----------+-------------------------------------------
     0 | D:1      | infcreate the Minotaur Fighter began the quest for the Orb.
     0 | D:1      | Reached XP level 1. HP: 19/19 MP: 0/0
    97 | D:1      | Reached XP level 2. HP: 27/27 MP: 1/1
   261 | D:1      | Reached XP level 3. HP: 33/33 MP: 2/2
   512 | D:2      | Reached skill level 3 in Axes
   688 | D:2      | Reached XP level 4. HP: 37/40 MP: 3/3
   812 | D:2      | Found a blossoming altar of Fedhas.
   889 | D:2      | Noticed Terence
   894 | D:2      | Killed Terence
  1175 | D:3      | Reached XP level 5. HP: 46/46 MP: 4/4
  1242 | D:3      | Found a glowing drain.
  1248 | D:3      | Reached skill level 4 in Axes
  1249 | D:3      | Reached skill level 5 in Shields
  1258 | Sewer    | Entered a sewer
  1301 | Sewer    | Reached skill level 5 in Armour
  1515 | Sewer    | Reached skill level 5 in Axes
  1515 | Sewer    | Reached XP level 6. HP: 37/53 MP: 5/5
  1843 | Sewer    | Reached skill level 6 in Axes
  1843 | Sewer    | Reached XP level 7. HP: 49/60 MP: 6/6
  2349 | D:4      | Found a staircase to the Ecumenical Temple.
  2449 | Temple   | Entered the Ecumenical Temple
  2500 | Temple   | Became a worshipper of Warmaster Okawaru
  2858 | D:4      | Noticed a hippogriff
  2866 | D:4      | Killed a hippogriff
  2866 | D:4      | Reached skill level 5 in Fighting
  3055 | D:5      | Entered Level 5 of the Dungeon
  3295 | D:5      | Reached skill level 7 in Axes
  3318 | D:5      | Noticed Grinder
  3324 | D:5      | Paralysed by Grinder for 2 turns
  3373 | D:5      | Found a shadowy altar of Dithmenos.
  3426 | D:5      | Paralysed by Grinder for 4 turns
  3432 | D:5      | Killed Grinder
  3432 | D:5      | Reached * piety under Okawaru
  3432 | D:5      | Reached XP level 8. HP: 32/69 MP: 7/7
  4251 | D:6      | Reached skill level 8 in Axes
  4574 | D:6      | Found Goidd's Assorted Antiques.
  5060 | D:6      | Reached skill level 9 in Axes
  5062 | D:6      | Reached ** piety under Okawaru
  5100 | D:7      | Reached XP level 9. HP: 59/77 MP: 8/8
  5499 | D:7      | Reached skill level 10 in Axes
  6149 | D:8      | Found a roughly hewn altar of Beogh.
  6280 | D:8      | Noticed a two-headed ogre
  6295 | D:8      | Reached *** piety under Okawaru
  6444 | D:8      | Killed a two-headed ogre
  6444 | D:8      | Reached skill level 11 in Axes
  6517 | D:8      | Reached XP level 10. HP: 86/86 MP: 9/9
  6813 | D:8      | Found a sacrificial altar of Ru.
  6948 | D:8      | Noticed a cyclops
  7114 | D:8      | Killed a cyclops
  7352 | D:9      | Reached skill level 10 in Shields
  7378 | D:9      | Found a staircase to the Lair.
  7407 | D:9      | Reached **** piety under Okawaru
  7409 | D:9      | Reached skill level 12 in Axes
  7818 | D:9      | Found a staircase to the Orcish Mines.
  8014 | Lair:1   | Entered Level 1 of the Lair of Beasts
  8117 | Lair:1   | Got a faintly humming chain mail
  8147 | Lair:1   | Noticed Sonja
  8226 | Lair:1   | Noticed Harold
  8266 | Lair:1   | Reached XP level 11. HP: 11/95 MP: 10/10
  8266 | Lair:1   | Reached ***** piety under Okawaru
  8280 | Lair:1   | Killed from afar by Harold

Skill      XL: |  1  2  3  4  5  6  7  8  9 10 |
---------------+-------------------------------+-----
Armour         | 4 5 6 7 8 9 |  9.6
Shields        | 4 5 6 7 9 10 | 10.8
Fighting       | 4 5 6 7 8 |  8.7
Axes           | 3 5 6 7 9 11 12 | 12.8
Dodging        | |  0.3
Invocations    | |  0.1

Action                   |  1- 3 |  4- 6 |  7- 9 | 10-12 || total
-------------------------+-------+-------+-------+-------++-------
Melee: War axe           |    78 |   186 |   410 |   351 ||  1025
       Headbutt          |     8 |    22 |    68 |    75 ||   173
Invok: Heroism           |       |       |     1 |       ||     1
  Use: Scroll            |       |       |     8 |       ||     8
       Potion            |       |       |     2 |       ||     2
 Stab: Paralysed         |       |       |       |     1 ||     1
  Eat: Chunk             |       |     4 |     9 |     2 ||    15
       Ration            |       |       |     3 |     1 ||     4
Armor: Scale mail        |    52 |     2 |       |       ||    54
       Chain mail        |       |    71 |   195 |       ||   266
       Plate armour      |       |       |    12 |   165 ||   177
Dodge: Dodged            |    34 |    39 |    88 |    61 ||   222
Block: Shield            |    63 |    85 |   271 |   201 ||   620
